AoeStats
← Lucretia511

Arabia

507328176Analyzed
2v2 RM · 16d ago on Sep 17, 2026· 18m 34s· 4 players
Game mode
Random Map
Map size
Medium (4 player)
Population
200
Speed
Normal
Resources
Standard
Victory
Conquest
Starting age
Dark Age
Ending age
Imperial Age
RankedLock teamsTeams togetherTeam positionsShared explorationLock speedFull tech treeHidden civsTurbo modeCheats
Victory
Defeat
🇵🇪 Teutons · Peru
678
+16
🇵🇪 Slavs · Peru
661
+16
🇦🇷 Persians · Argentina
706
-18
🇫🇷 Burgundians · France
631
-14
恋MrBlackr愛
12:15 Feudal Age
12:47 Horse Collar
12:55 Double-Bit Axe
19:16 Scale Barding Armor
19:23 Forging
Quesito2k
10:22 Feudal Age
8:40 Loom
10:26 Feudal Age
10:58 Man-at-Arms
13:05 Double-Bit Axe
15:21 Arson
16:12 Loom
Lucretia511
9:33 Feudal Age
8:36 Double-Bit Axe
10:04 Horse Collar
ORTERO
2:43 Loom
12:59 Feudal Age
15:51 Wheelbarrow
16:00 Horse Collar
20:06 Castle Age
Connection lost

Rejoining the realm…

Still unreachable

The connection could not be restored.

Session expired

The server has moved on; the page needs a fresh start.